 Dungeon Crawl Stone Soup version 0.21-b1-21-g86478ac (webtiles) character file.

630 myopia the Insei (level 7, 0/60 HPs)
             Began as a Gnoll Monk on Jan 4, 2018.
             Slain by a centaur (5 damage)
             ... on level 5 of the Dungeon.
             The game lasted 00:17:28 (3822 turns).

myopia the Insei (Gnoll Monk)                       Turns: 3822, Time: 00:17:28

Health: 0/60       AC: 12    Str: 14    XL:     7   Next: 48%
Magic:  10/10      EV:  7    Int: 12    God:
Gold:   446        SH:  0    Dex: 19    Spells: 10/10 levels left

rFire    . . .     SeeInvis .   p - +1 falchion (slice)
rCold    . . .     Gourm    .   (no shield)
rNeg     . . .     Faith    .   h - +0 plate armour
rPois    .         Spirit   .   (no helmet)
rElec    .         Reflect  .   l - +0 cloak
rCorr    .         Harm     .   (no gloves)
MR       .....                  (no boots)
Stlth    ..........             (no amulet)
HPRegen  0.20/turn              (no ring)
MPRegen  0.12/turn              (no ring)

@: no status effects
A: distributed training, fangs 1, strong nose
a: no special abilities


You were on level 5 of the Dungeon.
You were not hungry.

You visited 1 branch of the dungeon, and saw 5 of its levels.

You collected 446 gold pieces.

Inventory:

Hand Weapons
 p - a +1 falchion of slicing (weapon)
Armour
 h - a +0 plate armour (worn)
 l - a +0 cloak (worn)
Wands
 s - a wand of polymorph (15)
Scrolls
 c - 2 scrolls of fear
 e - 2 scrolls of blinking
 f - a scroll of immolation
 g - 2 scrolls of amnesia
Potions
 d - a potion of invisibility
 j - a potion of heal wounds {unknown}
 k - a potion of brilliance
 m - a potion of resistance {unknown}
 o - a potion of haste
 q - a potion of agility
 t - a potion of might
Comestibles
 b - 8 rations
 i - 2 chunks of flesh


   Skills:
 + Level 7.0 Fighting
 + Level 2.4 Short Blades
 + Level 2.4 Long Blades
 + Level 2.4 Axes
 + Level 2.4 Maces & Flails
 + Level 2.4 Polearms
 + Level 2.4 Staves
 + Level 2.4 Slings
 + Level 2.4 Bows
 + Level 2.4 Crossbows
 + Level 2.4 Throwing
 + Level 2.4 Armour
 + Level 7.0 Dodging
 + Level 4.9 Stealth
 + Level 2.4 Shields
 + Level 7.0 Unarmed Combat
 + Level 2.4 Spellcasting
 + Level 2.0 Conjurations
 + Level 2.0 Hexes
 + Level 2.0 Charms
 + Level 2.0 Summonings
 + Level 2.0 Necromancy
 + Level 2.0 Translocations
 + Level 2.0 Transmutations
 + Level 2.0 Fire Magic
 + Level 2.0 Ice Magic
 + Level 2.0 Air Magic
 + Level 2.0 Earth Magic
 + Level 2.0 Poison Magic
 + Level 2.7 Invocations
 + Level 2.4 Evocations


You had 10 spell levels left.
You didn't know any spells.

Dungeon Overview and Level Annotations

Branches:
Dungeon (5/15)
 Temple: D:4-7

Altars:
Xom

Annotations:
D:2 Sigmund


Innate Abilities, Weirdness & Mutations

Your experience applies equally to all skills.
You have very sharp teeth.
Your uncanny sense of smell can sniff out nearby items.


Message History

The centaur shoots an arrow.
The arrow hits you but does no damage.
The centaur shoots an arrow.
The arrow hits you.
* * * LOW HITPOINT WARNING * * *
The centaur shoots an arrow.
The arrow hits you.
* * * LOW HITPOINT WARNING * * *
The centaur shoots an arrow.
The arrow hits you.
* * * LOW HITPOINT WARNING * * *
You see here an arrow.
The centaur unwields an uncursed shortbow.
The centaur hits you but does no damage.
You slash the centaur! You bite the centaur, but do no damage.
The centaur is moderately wounded.
The centaur hits you.
* * * LOW HITPOINT WARNING * * *
The centaur hits you but does no damage.
You hit the centaur but do no damage.
The centaur is moderately wounded.
The centaur hits you but does no damage.
The centaur hits you.
You die...

###.........####..####.##
####...###...#......###...#
.............##.....##..###
..........#......##....####
............######........##
..........#.### #.######...
.................. ####
........<##c#####
#.......###@# #...##### #(#
.... #<# ..# #.# ## #.# #.#
#.# ### #.# ########..
#.#######........#


You could see a centaur.

Vanquished Creatures
  The ghost of zaRGo the Magician, an amateur DEFE of Vehumet (D:3)
  A centaur (D:5)
  A scorpion (D:3)
  A howler monkey (D:4)
  A centaur skeleton (D:4)
  An orc wizard (D:4)
  Jessica (D:3)
  An iguana (D:4)
  A worker ant (D:4)
  5 adders
  2 adder skeletons
  An adder zombie (D:5)
  2 worms
  13 dart slugs
  3 leopard geckos
  17 orcs
  3 giant cockroaches
  11 goblins
  5 hobgoblins
  7 jackals (D:1)
  4 quokkas
  7 bats
  8 frilled lizards
  8 kobolds
  8 rats
  A fungus (D:3)
114 creatures vanquished.

Vanquished Creatures (others)
  An orc wizard (D:4)
  A fungus (D:3)
2 creatures vanquished.

Grand Total: 116 creatures vanquished

Notes
Turn   | Place    | Note
-------+----------+-------------------------------------------
     0 | D:1      | myopia the Gnoll Monk began the quest for the Orb.
     0 | D:1      | Reached XP level 1. HP: 23/23 MP: 1/1
    82 | D:1      | Reached XP level 2. HP: 29/29 MP: 2/2
   807 | D:2      | Reached XP level 3. HP: 35/35 MP: 3/3
   889 | D:2      | Reached skill level 1 in Invocations
   898 | D:2      | Reached skill level 1 in Short Blades
   898 | D:2      | Reached skill level 1 in Long Blades
   898 | D:2      | Reached skill level 1 in Axes
   898 | D:2      | Reached skill level 1 in Maces & Flails
   898 | D:2      | Reached skill level 1 in Polearms
   898 | D:2      | Reached skill level 1 in Staves
   898 | D:2      | Reached skill level 1 in Slings
   898 | D:2      | Reached skill level 1 in Bows
   898 | D:2      | Reached skill level 1 in Crossbows
   898 | D:2      | Reached skill level 1 in Throwing
   898 | D:2      | Reached skill level 1 in Armour
   898 | D:2      | Reached skill level 1 in Shields
   898 | D:2      | Reached skill level 1 in Spellcasting
   898 | D:2      | Reached skill level 1 in Evocations
   952 | D:2      | Reached XP level 4. HP: 34/41 MP: 5/5
  1217 | D:2      | Noticed Sigmund
  1810 | D:3      | Noticed zaRGo's ghost (amateur DEFE)
  1888 | D:3      | HP: 2/41 [zaRGo's ghost/puff of flame (9)]
  1889 | D:3      | Killed zaRGo's ghost
  1889 | D:3      | Reached skill level 1 in Conjurations
  1889 | D:3      | Reached skill level 1 in Hexes
  1889 | D:3      | Reached skill level 1 in Charms
  1889 | D:3      | Reached skill level 1 in Summonings
  1889 | D:3      | Reached skill level 1 in Necromancy
  1889 | D:3      | Reached skill level 1 in Translocations
  1889 | D:3      | Reached skill level 1 in Transmutations
  1889 | D:3      | Reached skill level 1 in Fire Magic
  1889 | D:3      | Reached skill level 1 in Ice Magic
  1889 | D:3      | Reached skill level 1 in Air Magic
  1889 | D:3      | Reached skill level 1 in Earth Magic
  1889 | D:3      | Reached skill level 1 in Poison Magic
  1889 | D:3      | Reached XP level 5. HP: 2/47 MP: 5/7
  2198 | D:3      | Noticed Jessica
  2210 | D:3      | Killed Jessica
  2210 | D:3      | Reached XP level 6. HP: 36/53 MP: 8/8
  3049 | D:4      | Found a shimmering altar of Xom.
  3207 | D:4      | Reached XP level 7. HP: 41/59 MP: 10/10
  3513 | D:5      | Entered Level 5 of the Dungeon
  3822 | D:5      | Slain by a centaur

Skill      XL: |  1  2  3  4  5  6  7 |
---------------+----------------------+-----
Invocations    | 1 2 |  2.7
Short Blades   | 1 2 |  2.4
Long Blades    | 1 2 |  2.4
Axes           | 1 2 |  2.4
Maces & Flails | 1 2 |  2.4
Polearms       | 1 2 |  2.4
Staves         | 1 2 |  2.4
Slings         | 1 2 |  2.4
Bows           | 1 2 |  2.4
Crossbows      | 1 2 |  2.4
Throwing       | 1 2 |  2.4
Armour         | 1 2 |  2.4
Shields        | 1 2 |  2.4
Spellcasting   | 1 2 |  2.4
Evocations     | 1 2 |  2.4
Conjurations   | 1 2 |  2.0
Hexes          | 1 2 |  2.0
Charms         | 1 2 |  2.0
Summonings     | 1 2 |  2.0
Necromancy     | 1 2 |  2.0
Translocations | 1 2 |  2.0
Transmutations | 1 2 |  2.0
Fire Magic     | 1 2 |  2.0
Ice Magic      | 1 2 |  2.0
Air Magic      | 1 2 |  2.0
Earth Magic    | 1 2 |  2.0
Poison Magic   | 1 2 |  2.0
Fighting       | 7 |  7.0
Dodging        | 7 |  7.0
Unarmed Combat | 7 |  7.0
Stealth        | |  4.9

Action                   |  1- 3 |  4- 6 |  7- 9 || total
-------------------------+-------+-------+-------++-------
Melee: Unarmed           |    97 |    84 |       ||   181
       Bite              |     7 |    26 |     7 ||    40
       Punch             |     4 |    10 |     2 ||    16
       Falchion          |       |   118 |    54 ||   172
  Use: Scroll            |       |    10 |     3 ||    13
       Potion            |       |       |     1 ||     1
 Stab: Sleeping          |     6 |     5 |       ||    11
  Eat: Chunk             |       |     4 |     2 ||     6
       Ration            |       |     1 |       ||     1
Armor: Robe              |    15 |    17 |       ||    32
       Scale mail        |       |     7 |    11 ||    18
       Plate armour      |       |       |    11 ||    11
Dodge: Dodged            |    72 |   140 |    32 ||   244
       Rpst.: Falchion   |       |    26 |     7 ||    33
